 Dungeon Crawl Stone Soup version 0.31-a0-1082-g7d1fb776a8 (webtiles) character file.

Game seed: 1105042815121374290

175 senseless the Covered (level 5, -5/47 HPs)
             Began as a Minotaur Fighter on Nov 27, 2023.
             Was an Initiate of Hepliaklqana.
             Slain by Pikel
             ... wielding a +2 whip of flaming
              (8 damage)
             ... on level 4 of the Dungeon.
             The game lasted 00:05:23 (2220 turns).

senseless the Covered (Minotaur Fighter)            Turns: 2220, Time: 00:05:24

Health: -5/47      AC: 12    Str: 27    XL:     5   Next: 29%
Magic:  4/4        EV: 10    Int:  5    God:    Hepliaklqana [......]
Gold:   94         SH:  5    Dex:  5    Spells: 4/4 levels left

rFire   + . .        a - +0 war axe
rCold   . . .        c - +1 buckler
rNeg    . . .        b - +0 scale mail
rPois   .            g - +2 hat "Pouhim" {rCorr Str+4 Dex-4}
rElec   .            (no cloak)
rCorr   +            p - +2 pair of gloves
SInv    .            (no boots)
Will    .....        (no amulet) Stlth
                     (no ring)
HPRegen 0.27/turn    (no ring)
MPRegen 0.09/turn

%: no passive effects
@: no status effects
A: horns 2, retaliatory headbutt, fire resistance 1
a: Renounce Religion


You were on level 4 of the Dungeon.
You worshipped Hepliaklqana.
Hepliaklqana was noncommittal.
You visited 1 branch of the dungeon, and saw 4 of its levels.

You collected 94 gold pieces.

Inventory:

Hand Weapons
 a - a +0 war axe (weapon)
Missiles
 h - 2 throwing nets
Armour
 b - a +0 scale mail (worn)
 c - a +1 buckler (worn)
 f - a +2 robe of resistance
 g - the +2 hat "Pouhim" (worn) {rCorr Str+4 Dex-4}
   (You acquired it on level 2 of the Dungeon)

   Str+4:     It affects your strength (+4).
   Dex-4:     It affects your dexterity (-4).
   rCorr:     It protects you from acid and corrosion.
 o - a +0 cloak
 p - a +2 pair of gloves (worn)
Scrolls
 i - a scroll of noise {unknown}
 j - a scroll of amnesia
 m - a scroll of poison
 q - a scroll of fear
Potions
 d - a potion of might
 r - 2 potions of lignification


   Skills:
 * Level 4.6 Fighting
 * Level 3.8 Axes
 * Level 4.6 Armour
 + Level 1.7 Dodging
 * Level 4.6 Shields


You had 4 spell levels left.
You didn't know any spells.
Your spell library contained the following spells:

 Spells                   Type           Power      Damage    Failure   Level
 Summon Small Mammal      Summ           0%         N/A       80%         1
 Call Canine Familiar     Summ           0%         N/A       99%         3
 Summon Guardian Golem    Hex/Summ       0%         N/A       99%         3


Dungeon Overview and Level Annotations

Branches:
Dungeon (4/15)
 Temple: D:4-7

Altars:
Hepliaklqana

Annotations:
D:4 Pikel


Innate Abilities, Weirdness & Mutations

You have a pair of horns on your head.
You reflexively headbutt those who attack you in melee.
Your flesh is heat resistant. (rF+)


Message History

You feel better. You block the lemure's attack. Pikel closely misses you.
The lemure completely misses you.
You feel very mighty all of a sudden. The lemure hits you.
The lemure hits you but does no damage. Pikel hits you but does no damage.
You turn into a tree.
The +2 hat "Pouhim" {rCorr Str+4 Dex-4} melds into your body.
Your +2 pair of gloves melds into your body.
Your +0 scale mail melds into your body.
Your roots penetrate the ground.
The lemure hits you but does no damage. Pikel hits you but does no damage.
The lemure barely misses you.
You slash Pikel!
Pikel is severely wounded.
You slash the lemure!
You kill the lemure!
That felt strangely unrewarding.
You hit the lemure.
You kill the lemure!
That felt strangely unrewarding.
Pikel zaps a wand.
The bolt of dispelling energy hits you!
Your magical effects are unravelling.
* * * LOW HITPOINT WARNING * * *
Pikel hits you with a +2 whip of flaming.
* * * LOW HITPOINT WARNING * * *
Pikel burns you.
* * * LOW HITPOINT WARNING * * *
You closely miss Pikel.
Pikel is severely wounded.
You feel less wooden.
The +2 hat "Pouhim" {rCorr Str+4 Dex-4} unmelds from your body.
Your +2 pair of gloves unmelds from your body.
Your +0 scale mail unmelds from your body.
You feel a little less mighty now.
The quokka twitches its whiskers.
Pikel hits you with a +2 whip of flaming.
* * * LOW HITPOINT WARNING * * *
You slash Pikel!
Pikel is almost dead.
Pikel hits you with a +2 whip of flaming!
You die...
Pikel says, "Another soul for the market."

.... .... ... #.. #..
#.. #..#### ######.#..
#..<.)# #.@K55r...
......###.###.####.#..
#.### #.#........#
#.)........5.
#...#..###.## #...#..#
# #...#..# #......#
......##


You could see Pikel, 2 lemures and a quokka.

Vanquished Creatures
  An ogre (D:4)
  2 lemures (D:4)
  Jessica (D:3)
  2 adders (D:3)
  A worm (D:2)
  A dart slug (D:1)
  3 orcs
  4 endoplasms
  A giant cockroach (D:2)
  5 goblins
  5 hobgoblins
  2 quokkas
  5 ball pythons
  3 bats
  3 frilled lizards
  4 kobolds
  2 rats
  A spectral hobgoblin (D:3)
46 creatures vanquished.

Notes
Turn   | Place    | Note
-------+----------+-------------------------------------------
     0 | D:1      | senseless the Minotaur Fighter began the quest for the Orb.
     0 | D:1      | Reached XP level 1. HP: 19/19 MP: 0/0
   676 | D:1      | Reached XP level 2. HP: 27/27 MP: 1/1
   967 | D:2      | Identified a scroll of acquirement
   967 | D:2      | Acquired the +2 hat "Pouhim" {rCorr Str+4 Dex-4}
   993 | D:2      | Reached XP level 3. HP: 26/33 MP: 2/2
  1539 | D:3      | Noticed Jessica
  1544 | D:3      | Killed Jessica
  1545 | D:3      | Reached skill level 1 in Dodging
  1647 | D:3      | Reached XP level 4. HP: 40/40 MP: 3/3
  1871 | D:3      | Found a hazy altar of Hepliaklqana.
  1918 | D:3      | Became a worshipper of Hepliaklqana the Forgotten
  2137 | D:4      | Noticed an ogre
  2141 | D:4      | Killed an ogre
  2142 | D:4      | Reached XP level 5. HP: 34/47 MP: 4/4
  2193 | D:4      | Noticed a lemure
  2193 | D:4      | Noticed a lemure
  2193 | D:4      | Noticed a lemure
  2193 | D:4      | Noticed Pikel
  2194 | D:4      | Noticed a lemure
  2197 | D:4      | Gained mutation: Your flesh is heat resistant. (rF+)
                  | [potion of mutation]
  2218 | D:4      | Killed a lemure
  2218 | D:4      | Killed a lemure
  2219 | D:4      | HP: 2/47 [Pikel/+2 whip of flaming (1)]
  2220 | D:4      | Slain by Pikel

Illustrated notes

Levels and vault maps discovered:
D:1:      eino_arrival_cavern_d, layout_basic, minmay_small_reverse_x
D:2:      layout_loops_ring, hangedman_decor_growths, minmay_heptomino_w4
D:3:      layout_loops_ring, nicolae_hepliaklqana_monster_ancestors,
          chequers_decorated_corner, kennysheep_jessica_study
D:4:      layout_loops_ring, kennysheep_little_box, grunt_temple_overflow_open,
          kennysheep_generic_room_5, uniq_pikel, uniq_sigmund

Skill      XL: |  1  2  3 |
---------------+----------+-----
Fighting       | 4 |  4.6
Armour         | 4 |  4.6
Shields        | 4 |  4.6
Axes           | 3 |  3.8
Dodging        | 1 |  1.7

Action                     |  1- 3 |  4- 6 || total
---------------------------+-------+-------++-------
  Melee: War axe           |    70 |    44 ||   114
         Headbutt          |    11 |     3 ||    14
    Use: Scroll            |     8 |     2 ||    10
         Potion            |       |     8 ||     8
 Armour: Scale mail        |    39 |    56 ||    95
         Skin              |       |     4 ||     4
  Dodge: Dodged            |    32 |    33 ||    65
  Block: Buckler           |    16 |    10 ||    26

Table legend: (Time is in decaauts)
 A = Elapsed time spent in this place.
 B = Non-inter-level travel time spent in this place.
 C = Inter-level travel time spent in this place.
 D = Time resting spent in this place.
 E = Time spent auto-exploring this place.
 F = Levels seen in this place.
 G = Mean time per level.
                   A        B        C        D        E       F      G
               +--------+--------+--------+--------+--------+-----+--------+
         Total |   2262 |   2152 |    110 |      0 |   1813 |   4 |  565.5 |
       Dungeon |   2262 |   2152 |    110 |      0 |   1813 |   4 |  565.5 |
               +--------+--------+--------+--------+--------+-----+--------+

Top non-repeatable levels by time:
     D:1: 890 daAuts
     D:2: 647 daAuts
     D:3: 627 daAuts
     D:4: 98 daAuts
